 Dungeon Crawl Stone Soup version 0.26.1-11-gd32895ea62 (webtiles) character file.

Game seed: 8054439003437663698

26278 hawla the Destroyer (level 12, -7/108 HPs)
             Began as a Deep Elf Conjurer on May 17, 2021.
             Was an Elder of Vehumet.
             Mangled by a phantasmal warrior (8 damage)
             ... on level 14 of the Dungeon.
             The game lasted 01:03:24 (18806 turns).

hawla the Destroyer (Deep Elf Conjurer)            Turns: 18806, Time: 01:03:26

Health: -7/108     AC: 26    Str:  4    XL:     12   Next: 96%
Magic:  29/29      EV:  2    Int: 29    God:    Vehumet [****..]
Gold:   521        SH:  0    Dex: 13    Spells: 15/33 levels left

rFire    . . .     SeeInvis .   m - +0 quarterstaff (spect)
rCold    . . .     Faith    .   (shield currently unavailable)
rNeg     + + +     Spirit   .   (armour currently unavailable)
rPois    +         Reflect  .   (helmet currently unavailable)
rElec    .         Harm     .   (cloak currently unavailable)
rCorr    .         Rampage  .   (gloves currently unavailable)
Will     .....     NoTele   +   (boots currently unavailable)
Stlth    ++........             d - amulet of magic regeneration
HPRegen  0.28/turn              o - ring of poison resistance
MPRegen  0.46/turn              v - ring of stealth

@: confused, tree-form, weak-willed, slowed, very slow
A: no striking features
a: Renounce Religion


You were on level 14 of the Dungeon.
You worshipped Vehumet.
Vehumet was greatly pleased with you.
You were a tree.
You visited 2 branches of the dungeon, and saw 15 of its levels.

You collected 827 gold pieces.
You spent 306 gold pieces at shops.

Inventory:

Hand Weapons
 m - a +0 spectral quarterstaff (weapon)
Missiles
 e - 4 boomerangs of dispersal
 k - 43 poisoned darts (quivered)
 w - 13 boomerangs
 B - 12 javelins
Armour
 a - a +1 hat (melded)
 q - a +1 pair of boots (melded)
 A - a +1 robe of willpower (melded)
 F - a +0 cloak of willpower (melded)
Jewellery
 d - an amulet of magic regeneration (around neck)
 o - a ring of poison resistance (left branch)
 v - a ring of stealth (right branch)
 G - an uncursed ring of see invisible
Wands
 p - a wand of random effects (25)
 u - a wand of iceblast (8)
 C - a wand of flame (17)
 H - a wand of paralysis (11)
Scrolls
 c - 14 scrolls of teleportation
 f - 7 scrolls of remove curse
 i - 3 scrolls of amnesia
 j - a scroll of summoning
 l - 3 scrolls of enchant weapon
 x - a scroll of blinking
 y - a scroll of magic mapping
 D - a scroll of fear
 E - a scroll of identify
 I - a scroll of holy word
Potions
 b - 7 potions of ambrosia
 g - a potion of flight
 h - a potion of brilliance
 n - a potion of might
 s - 3 potions of haste
 t - a potion of attraction
 K - a potion of curing
Miscellaneous
 J - a box of beasts


   Skills:
 + Level 7.3 Fighting
 + Level 9.2 Staves
 - Level 1.0 Throwing
 - Level 5.0 Dodging
 - Level 4.0 Stealth
 + Level 1.7 Shields
 + Level 11.3 Spellcasting
 + Level 12.2 Conjurations
 - Level 7.0 Translocations
 + Level 6.5 Fire Magic
 + Level 6.5 Earth Magic
 - Level 2.0 Evocations


You had 15 spell levels left.
You knew the following spells:

 Your Spells              Type           Power        Failure   Level
a - Magic Dart            Conj           100%         0%          1
b - Searing Ray           Conj           100%         1%          2
c - Iskenderun's Mystic   Conj/Tloc      64%          1%          4
d - Iskenderun's Battles  Conj           72%          1%          5
e - Iron Shot             Conj/Erth      31%          3%          6

Your spell library contained the following spells:

 Spells                   Type           Power        Failure   Level
 Conjure Ball Lightning   Conj/Air       25%          11%         6
 Apportation              Tloc           100%         1%          1
 Dazzling Flash           Conj/Hex       100%         1%          3
 Lesser Beckoning         Tloc           27%          1%          3
 Fulminant Prism          Conj/Hex       25%          1%          4
 Bolt of Magma            Conj/Fire/Erth 30%          1%          5
 Animate Skeleton         Necr           32%          3%          1
 Pain                     Necr           64%          3%          1
 Orb of Destruction       Conj           36%          5%          7
 Tukima's Dance           Hex            16%          10%         3
 Vampiric Draining        Necr           8%           10%         3
 Animate Dead             Necr           8%           32%         4
 Spellforged Servitor     Conj/Summ      25%          47%         7
 Agony                    Necr           16%          65%         5
 Alistair's Intoxication  Tmut/Pois      10%          65%         5
 Invisibility             Hex            16%          99%         6


Dungeon Overview and Level Annotations

Branches:
Dungeon (14/15)            Temple (1/1) D:7            Lair (0/6) D:11
    Orc (0/2) D:11
 Vaults: D:13-14

Altars:
Ashenzari
Cheibriados
Dithmenos
Elyvilon
Fedhas
Gozag
Hepliaklqana
Kikubaaqudgha
Makhleb
Nemelex Xobeh
Okawaru
Qazlal
Ru
Sif Muna
Trog
Uskayaw
Vehumet
Wu Jian
Xom
Yredelemnul
Zin
The Shining One

Shops:
D:6 [(?   D:9 *   D:11 [   D:12 (   D:14 [

Portals:
Trove: D:13 (give +3 gold dragon scales)

Annotations:
D:1 bushes
D:12 1 runed translucent door, hawla's ghost, journeyman DECj
D:13 1 runed translucent door, robloxmaster's ghost, journeyman HOMo


Message History

The manticore bites you but does no damage.
The manticore claws you but does no damage. x2
The yak barely misses your spectral weapon.
The sphinx mumbles some strange words.
You struggle to resist.
The phantasmal warrior hits you!!
* * * LOW HITPOINT WARNING * * *
Your willpower is stripped away!
You are more confused.
You feel more invigorated. The manticore bites you!
* * * LOW HITPOINT WARNING * * *
The manticore claws you but does no damage.
The manticore claws you.
* * * LOW HITPOINT WARNING * * *
The yak gores your spectral weapon!
Your spectral weapon shares its damage with you!
Your spectral weapon fades away.
* * * LOW HITPOINT WARNING * * *
The sphinx casts a spell.
You feel yourself slow down. The phantasmal warrior hits you!
You die...

#.........##
#..........#
#..........#
#..........##
...........#
#..Y......#
#YHH.....#
#♣YY....#
#.W.....#
#...⌠.⌠.#
+...$∩..# ..
#...⌠.⌠.#...
#.####++#...
#...........
#####...........
...........((....


You could see a sphinx, a manticore, a phantasmal warrior and 4 yaks.

Vanquished Creatures
  Harold (D:8)
  A hydra (D:11)
  A boulder beetle (D:13)
  A centaur warrior (D:13)
  A queen ant (D:8)
  2 tengu warriors (D:13)
  5 skeletal warriors (D:12)
  2 unseen horrors
  2 manticores
  Maurice (D:10)
  Joseph (D:8)
  A gargoyle (D:12)
  A komodo dragon (D:12)
  A hornet (D:12)
  A troll (D:10)
  Grinder (D:6)
  A queen bee (D:10)
  5 slime creatures (D:13)
  A meliai zombie (D:14)
  3 wyverns
  10 yaks
  A basilisk (D:11)
  2 wraiths
  2 vampire mosquitoes (D:12)
  Menkaure (D:4)
  13 soldier ants
  Edmund (D:4)
  6 water moccasins
  4 orc warriors
  4 sky beasts
  4 ice beasts
  4 phantoms
  2 black bears (D:8)
  6 ogres
  3 necrophages
  6 centaurs
  2 big kobolds (D:8)
  7 bullfrogs
  A water moccasin skeleton (D:9)
  A wyvern skeleton (D:9)
  4 scorpions
  33 killer bees
  8 wights
  An electric eel (D:6)
  3 howler monkeys
  3 centaur zombies
  A bullfrog zombie (D:9)
  A quasit (D:7)
  7 hounds
  3 jellies
  6 orc priests
  18 orc wizards
  3 iguanas
  6 centaur skeletons
  Ijyb (D:3)
  44 worker ants
  2 worker ant zombies
  4 gnolls (D:2)
  A howler monkey skeleton (D:10)
  8 adders
  2 shadow imps
  2 white imps
  2 ufetubi
  An ooze (D:2)
  An adder skeleton (D:8)
  6 worms
  10 dart slugs
  4 leopard geckos
  41 orcs
  13 bats
  2 giant cockroaches
  12 goblins
  7 hobgoblins
  22 jackals
  16 kobolds
  5 quokkas
  3 ball pythons
  A ball python skeleton (D:5)
  5 frilled lizards
  3 rats
428 creatures vanquished.

Vanquished Creatures (collateral kills)
  A cyclops (D:10)
  An ogre (D:10)
2 creatures vanquished.

Vanquished Creatures (others)
  An orc (D:6)
  10 plants
11 creatures vanquished.

Grand Total: 441 creatures vanquished

Notes
Turn   | Place    | Note
-------+----------+-------------------------------------------
     0 | D:1      | hawla the Deep Elf Conjurer began the quest for the Orb.
     0 | D:1      | Reached XP level 1. HP: 10/10 MP: 6/6
   497 | D:1      | Reached XP level 2. HP: 16/16 MP: 4/8
   500 | D:1      | Learned a level 2 spell: Searing Ray
  1000 | D:1      | Reached skill level 1 in Translocations
  1640 | D:2      | Reached XP level 3. HP: 20/20 MP: 6/10
  1658 | D:2      | Reached skill level 1 in Fighting
  1883 | D:2      | Reached XP level 4. HP: 25/25 MP: 9/12
  1886 | D:2      | Reached skill level 5 in Conjurations
  2252 | D:2      | Learned a level 4 spell: Iskenderun's Mystic Blast
  2626 | D:3      | Reached XP level 5. HP: 29/29 MP: 10/13
  3042 | D:3      | Noticed Ijyb
  3049 | D:3      | Killed Ijyb
  3050 | D:3      | Reached skill level 6 in Conjurations
  3514 | D:3      | Found a snail-covered altar of Cheibriados.
  3961 | D:4      | Noticed Menkaure
  3968 | D:4      | Killed Menkaure
  3969 | D:4      | Reached skill level 7 in Conjurations
  3969 | D:4      | Reached XP level 6. HP: 34/34 MP: 8/14
  4196 | D:4      | Reached skill level 1 in Evocations
  4296 | D:4      | Noticed Edmund
  4602 | D:4      | Killed Edmund
  4603 | D:4      | Reached skill level 1 in Throwing
  4603 | D:4      | Reached XP level 7. HP: 15/38 MP: 2/15
  4941 | D:5      | Entered Level 5 of the Dungeon
  5019 | D:5      | Reached skill level 5 in Spellcasting
  5180 | D:5      | Reached skill level 8 in Conjurations
  5180 | D:5      | Reached skill level 5 in Translocations
  5363 | D:5      | Reached XP level 8. HP: 41/44 MP: 12/17
  5747 | D:5      | Found a shimmering blue altar of Sif Muna.
  6688 | D:6      | Found Ruecous's Antique Armour Emporium.
  6775 | D:6      | Found Juvofumm's Weapon Shoppe.
  6785 | D:6      | Found Gulyrrog's Magic Scroll Boutique.
  6793 | D:6      | Bought a scroll of identify for 28 gold pieces
  6793 | D:6      | Bought a scroll of identify for 28 gold pieces
  6818 | D:6      | Reached skill level 9 in Conjurations
  6818 | D:6      | Reached XP level 9. HP: 50/50 MP: 17/21
  6859 | D:6      | Noticed Grinder
  6865 | D:6      | Killed Grinder
  7344 | D:7      | Found a staircase to the Ecumenical Temple.
  7355 | Temple   | Entered the Ecumenical Temple
  7415 | Temple   | Became a worshipper of Vehumet
  7434 | D:7      | Reached skill level 10 in Conjurations
  7634 | D:7      | Reached skill level 11 in Conjurations
  8373 | D:8      | Noticed Joseph
  8521 | D:7      | Reached * piety under Vehumet
  8521 | D:7      | Offered knowledge of Sandblast by Vehumet.
  9285 | D:8      | Reached XP level 10. HP: 52/56 MP: 8/24
 10428 | D:8      | Noticed Harold
 10465 | D:8      | Reached skill level 12 in Conjurations
 10672 | D:8      | Reached skill level 1 in Staves
 10674 | D:8      | Reached ** piety under Vehumet
 10674 | D:8      | Offered knowledge of Shock by Vehumet.
 10903 | D:7      | Learned a level 5 spell: Iskenderun's Battlesphere
 10913 | D:8      | Killed Joseph
 10914 | D:8      | Reached skill level 5 in Fighting
 10925 | D:8      | Killed Harold
 10926 | D:8      | Reached skill level 1 in Fire Magic
 10926 | D:8      | Reached skill level 1 in Earth Magic
 11260 | D:8      | Noticed a queen ant
 11271 | D:8      | Killed a queen ant
 11272 | D:8      | Reached XP level 11. HP: 64/64 MP: 15/26
 11777 | D:9      | Offered knowledge of Mephitic Cloud by Vehumet.
 12016 | D:9      | Reached *** piety under Vehumet
 12278 | D:9      | Offered knowledge of Static Discharge by Vehumet.
 12341 | D:9      | Found Qytehiu's General Store.
 12406 | D:9      | Bought a scroll of identify for 30 gold pieces
 12406 | D:9      | Bought a +1 robe of willpower for 190 gold pieces
 12406 | D:9      | Bought a scroll of identify for 30 gold pieces
 12593 | D:10     | Entered Level 10 of the Dungeon
 12602 | D:10     | Reached skill level 10 in Spellcasting
 12612 | D:10     | Reached skill level 5 in Staves
 13165 | D:10     | Reached **** piety under Vehumet
 13167 | D:10     | Offered knowledge of Conjure Flame by Vehumet.
 13335 | D:10     | Noticed Maurice
 13345 | D:10     | Killed Maurice
 13469 | D:10     | Found a broken altar of Ashenzari.
 13648 | D:10     | Killed an unseen horror
 13648 | D:10     | Reached ***** piety under Vehumet
 13775 | D:10     | Offered knowledge of Conjure Ball Lightning by Vehumet.
 14061 | D:10     | Learned a level 6 spell: Iron Shot
 14209 | D:11     | Killed an unseen horror
 14210 | D:11     | Reached skill level 5 in Dodging
 14678 | D:11     | Found a staircase to the Lair.
 14681 | D:11     | Reached XP level 12. HP: 38/71 MP: 11/28
 14755 | D:11     | Noticed a seven-headed hydra
 14762 | D:11     | Killed a seven-headed hydra
 14763 | D:11     | Reached skill level 5 in Fire Magic
 14763 | D:11     | Reached skill level 5 in Earth Magic
 14858 | D:11     | Found a staircase to the Orcish Mines.
 15277 | D:11     | Found Feisetas's Armour Shoppe.
 15503 | D:12     | Found a runed translucent door.
 15503 | D:12     | Noticed hawla's ghost (journeyman DECj)
 15669 | D:12     | Found Yrukauho's Weapon Emporium.
 16797 | D:13     | Noticed a tengu warrior
 16887 | D:13     | Noticed a tengu warrior
 16901 | D:13     | Killed a tengu warrior
 16903 | D:13     | Killed a tengu warrior
 17255 | D:13     | Found a runed translucent door.
 17261 | D:13     | Noticed robloxmaster's ghost (journeyman HOMo)
 17262 | D:13     | Identified the +9 spear "Kopy" {vorpal, *Drain rPois Int+3}
 17448 | D:13     | Noticed a boulder beetle
 17465 | D:13     | Killed a boulder beetle
 17466 | D:13     | Reached skill level 1 in Shields
 17769 | D:13     | Found a portal to a secret trove of treasure.
 18173 | D:14     | Noticed a centaur warrior
 18180 | D:13     | Killed a centaur warrior
 18782 | D:14     | Found Ryme's Armour Shoppe.
 18792 | D:14     | Noticed a sphinx
 18806 | D:14     | HP: 1/108 [yak (6)]
 18806 | D:14     | Mangled by a phantasmal warrior

Illustrated notes

Levels and vault maps discovered:
D:1:      psy_arrival_whirlpool, layout_basic, serial_forest,
          infiniplex_forest_corner_1, infiniplex_forest_zigzag_1,
          infiniplex_forest_clump_medium, infiniplex_forest_end_3,
          infiniplex_forest_corner_1, infiniplex_forest_join,
          infiniplex_forest_clump_double
D:2:      layout_rooms, minmay_cupped
D:3:      kennysheep_goblin_castle, layout_loops_ring, marbit_many_paths,
          hangedman_decor_points, minmay_misc_feat_room, hex_medium,
          minmay_misc_feat_five
D:4:      layout_loops_corners, dk_vineyard_3, uniq_menkaure, uniq_edmund
D:5:      layout_basic, tgw_sif
D:6:      kennysheep_slugbush, layout_loops_ring, serial_shops, shop_scrolls,
          shop, shop_coins, uniq_grinder
D:7:      layout_basic, minmay_temple_entry_gardened_gates
D:8:      layout_cave_pools, zaba_anthell, uniq_harold, uniq_joseph
D:9:      layout_roguey, serial_shops, nicolae_shop_statue_plus
D:10:     layout_long_grid, special_room [special_room_bee],
          evilmike_ruin_ashenzari, uniq_maurice
D:11:     layout_cave_pods, minmay_lair_entry_grove, serial_shops, shop
D:12:     layout_basic, serial_shops, shop, ebering_ghost_reflecting_pool
D:13:     minmay_chambers_of_sevens, layout_cave_pods,
          ebering_ghost_funeral_grove, nicolae_trove_entry_columns
D:14:     gammafunk_sealed_library, layout_irregular_city, david_vaults_3,
          nicolae_lava_and_water, serial_shops, shop_fountains, basic_altar,
          jmf_multi_god_temple, uniq_agnes, uniq_kirke
Temple:   grunt_wide_crystal_templ

Skill      XL: |  1  2  3  4  5  6  7  8  9 10 11 12 |
---------------+-------------------------------------+-----
Translocations | 1 2 3 5 6 7 |  7.0
Fighting       | 1 2 3 4 5 6 7 |  7.3
Spellcasting   | 4 5 7 8 9 10 11 | 11.3
Conjurations   | 5 7 8 9 11 12 | 12.2
Evocations     | 1 2 |  2.0
Throwing       | 1 |  1.0
Dodging        | 4 5 |  5.0
Stealth        | 4 |  4.0
Staves         | 3 6 9 |  9.2
Fire Magic     | 2 4 6 |  6.5
Earth Magic    | 2 4 6 |  6.5
Shields        | 1 |  1.7

Action                   |  1- 3 |  4- 6 |  7- 9 | 10-12 || total
-------------------------+-------+-------+-------+-------++-------
Melee: Unarmed           |       |     3 |    10 |       ||    13
       Quarterstaff      |       |       |       |   101 ||   101
Throw: Dart              |       |       |     6 |    16 ||    22
 Cast: Magic Dart        |    23 |    18 |    77 |    30 ||   148
       Searing Ray       |    17 |    52 |    77 |   106 ||   252
       Iskenderun's Myst |       |    15 |    24 |   144 ||   183
       Iskenderun's Batt |       |       |       |     6 ||     6
       Iron Shot         |       |       |       |     2 ||     2
Evoke: Wand              |       |       |       |     6 ||     6
  Use: Scroll            |     5 |     5 |     8 |    20 ||    38
       Potion            |       |       |     1 |    12 ||    13
 Stab: Sleeping          |       |       |     1 |     2 ||     3
Armor: Robe              |     4 |     4 |    12 |    48 ||    68
       Skin              |       |       |       |    39 ||    39
Dodge: Dodged            |    16 |    21 |    58 |   197 ||   292
